 Dungeon Crawl Stone Soup version 0.29.1-15-g9cfb28693d (webtiles) character file.

Game seed: 11214617110355338233

64 BuddhaDhamma the Chopper (level 3, -4/31 HPs)
             Began as a Minotaur Berserker on Mar 3, 2023.
             Was a Believer of Trog.
             Slain by a gnoll
             ... wielding a +0 halberd
              (5 damage)
             ... on level 3 of the Dungeon.
             The game lasted 00:02:42 (1951 turns).

BuddhaDhamma the Chopper (Minotaur Berserker)       Turns: 1951, Time: 00:02:42

Health: -4/31      AC:  9    Str: 23    XL:     3   Next: 91%
Magic:  2/2        EV:  8    Int:  4    God:    Trog [**....]
Gold:   124        SH:  0    Dex:  5    Spells: 2/2 levels left

rFire   . . .      SeeInvis .   a - +0 hand axe
rCold   . . .      Faith    .   (no shield)
rNeg    . . .      Spirit   .   u - +1 chain mail of Irksome Salvation {rCorr Dex-4 Stlth+}
rPois   .          Reflect  .   (helmet restricted)
rElec   .          Harm     .   (no cloak)
rCorr   +          Rampage  .   (no gloves)
Will    .....                   (no boots)
Stlth   ..........              (no amulet)
HPRegen 0.10/turn               (no ring)
MPRegen 0.08/turn               (no ring)

@: no status effects
A: horns 2, retaliatory headbutt
a: Renounce Religion, Berserk, Trog's Hand


You were on level 3 of the Dungeon.
You worshipped Trog.
Trog was pleased with you.
You visited 1 branch of the dungeon, and saw 3 of its levels.

You collected 124 gold pieces.

Inventory:

Hand Weapons
 a - a +0 hand axe (weapon)
Missiles
 k - 9 poisoned darts (quivered)
Armour
 u - the +1 chain mail of Irksome Salvation (worn) {rCorr Dex-4 Stlth+}
   (You found it on level 3 of the Dungeon)

   Dex:       It affects your dexterity (-4).
   rCorr:     It protects you from acid and corrosion.
   Stlth:     It makes you more stealthy.
Jewellery
 r - a ring of fire
 t - a ring of resist corrosion
Scrolls
 b - a scroll of silence {unknown}
 c - a scroll of fog {unknown}
 h - 6 scrolls of identify {unknown}
 i - a scroll of blinking {unknown}
 n - a scroll of enchant armour {unknown}
 p - 2 scrolls of acquirement {unknown}
 s - a scroll of fear {unknown}
Potions
 e - a potion of flight {unknown}
 f - a potion of heal wounds {unknown}
 g - a potion of brilliance {unknown}
 j - 2 potions of curing {unknown}
 l - 2 potions of ambrosia {unknown}
 m - a potion of cancellation {unknown}
 o - a potion of lignification {unknown}
 q - 2 potions of berserk rage {unknown}


   Skills:
 - Level 3.6 Fighting
 + Level 5.9 Axes
 - Level 2.4 Armour
 - Level 2.1 Dodging


You had 2 spell levels left.
You didn't know any spells.
Your spell library was empty.

Dungeon Overview and Level Annotations

Branches:
Dungeon (3/15)

Altars:


Innate Abilities, Weirdness & Mutations

You have a pair of horns on your head.
You reflexively headbutt those who attack you in melee.


Message History

You start removing your armour.
You continue taking off your +0 ring mail. x4
You finish taking off your +0 ring mail.
You start putting on your armour.
You continue putting on the +1 chain mail of Irksome Salvation {rCorr Dex-4 Stlth+}. x5
You finish putting on the +1 chain mail of Irksome Salvation {rCorr Dex-4 Stlth+}.
You feel clumsy.
You drop a +0 ring mail.
A rat comes into view.
The rat closely misses you.
You hit the rat.
You kill the rat!
Trog accepts your kill.
No target in view! 2 gnolls come into view.
Found 2 glowing pink potions.
The gnoll shouts! x2
A gnoll comes into view. It is wielding a +0 club.
You see here 10 gold pieces.
A giant cockroach comes into view.
The gnoll hits you with a +0 halberd. The gnoll hits you but does no damage.
You hit the gnoll. Your headbutt misses the gnoll.
The gnoll is heavily wounded.
You closely miss the gnoll. The gnoll hits you with a +0 halberd!
The gnoll closely misses you.
You completely miss the gnoll.
The gnoll is heavily wounded.
You closely miss the gnoll. The gnoll hits you but does no damage.
The gnoll hits you with a +0 halberd!
You barely miss the gnoll.
The gnoll is heavily wounded.
You completely miss the gnoll. The gnoll hits you with a +0 halberd!
* * * LOW HITPOINT WARNING * * *
The gnoll hits you with a +0 halberd.
* * * LOW HITPOINT WARNING * * *
You closely miss the gnoll.
The gnoll is heavily wounded.
You hit the gnoll. x2; The gnoll closely misses you.
The gnoll hits you with a +0 halberd.
You die...

#g #.# .. ...... #. #.#
.# .##### #####.###
#.###.## ##### ......#..
........ ..... .....#..#
#.....# ##### #......#
#.....# # #.B###.##.# #
##gg......# #@.......#
#.g......#########
#........[........
...............#########
####.##.......## # #
..........! #
#####.##### # .... #
###... #


You could see 3 gnolls and a giant cockroach.

Vanquished Creatures
  2 adders (D:2)
  3 dart slugs
  5 ball pythons
  2 endoplasms
  4 giant cockroaches
  4 goblins
  2 hobgoblins
  4 kobolds
  3 quokkas
  2 bats
  2 frilled lizards (D:1)
  4 rats
37 creatures vanquished.

Notes
Turn   | Place    | Note
-------+----------+-------------------------------------------
     0 | D:1      | BuddhaDhamma the Minotaur Berserker began the quest for the
                  | Orb.
     0 | D:1      | Reached XP level 1. HP: 19/19 MP: 0/0
   188 | D:1      | Reached skill level 4 in Axes
   194 | D:1      | Reached XP level 2. HP: 25/26 MP: 1/1
   570 | D:1      | Found a faded altar of an unknown god.
   926 | D:2      | Reached skill level 5 in Axes
  1052 | D:2      | Reached XP level 3. HP: 30/31 MP: 2/2
  1120 | D:2      | Reached ** piety under Trog
  1915 | D:3      | Identified the +1 chain mail of Irksome Salvation {rCorr
                  | Dex-4 Stlth+}
  1950 | D:3      | HP: 1/31 [gnoll/+0 halberd (6)]
  1951 | D:3      | Slain by a gnoll

Illustrated notes

Levels and vault maps discovered:
D:1:      minmay_arrival_four_loops, layout_loops_ring, basic_ecumenical_altar,
          nrook_loot_triangle, hangedman_decor_opposing, skrybe_limestone_x
D:2:      layout_basic
D:3:      layout_loops_ring, mainiacjoe_overflow_catwalk,
          pdpol_wu_jian_five_deadly_venoms, serial_shops, shop

Skill      XL: |  1  2 |
---------------+-------+-----
Axes           | 4 5 |  5.9
Fighting       | |  3.6
Armour         | |  2.4
Dodging        | |  2.1

Action                   || total
-------------------------++-------
Melee: Hand axe          ||    77
       Headbutt          ||    11
Armor: Ring mail         ||    21
       Chain mail        ||     2
Dodge: Dodged            ||    42
